[Event "GER-ch Youth U12W 2020"]
[Site "Willingen"]
[Date "2020.10.30"]
[Round "5.6"]
[White "Peglau, Dora"]
[Black "Lorenz, Veronika"]
[Result "0-1"]
[ECO "D30"]
[WhiteElo "1683"]
[BlackElo "1273"]
[Annotator "NA RC"]
[PlyCount "108"]
[EventDate "2020.10.27"]
[EventType "swiss"]
[EventRounds "7"]
[EventCountry "GER"]
[SourceTitle "playchess.com"]
[Source "ChessBase"]
[SourceQuality "1"]
[TimeControl "40/5400+30:1800+30"]

1. d4 d5 2. c4 e6 3. Nf3 c5 4. cxd5 exd5 5. Bg5 Be7 6. Bxe7 Qxe7 7. dxc5 Qxc5 8. Nc3 Nf6 9. Rc1 Nc6 10. e3 O-O 11. Be2 Qb6 12. b3 Be6 13. O-O Rfd8 14. Na4 Qb4 15. Nc5 Ne4 16. Nxe6 fxe6 17. Bd3 Rac8 18. Qe2 e5 19. Qb2 Re8 20. a3 Qf8 21. Bxe4 dxe4 22. Nd2 Qf5 23. Rc4 Red8 24. Nxe4 b5 25. Ng3 Qd3 26. Rc3 Qg6 27. Rfc1 Rd6 28. Rc5 Rcd8 29. Qe2 a6 30. b4 Qe8 31. Ne4 Re6 32. Qa2 Kh8 33. Ng5 Rf6 34. Qc2 g6 35. h4 Nb8 36. Rc7 Nd7 37. Rc6 Qe7 38. Qb3 Rdf8 39. Rxf6 Qxf6 40. f3 Nb6 41. Rc7 Nc4 42. Nxh7 Qxh4 43. Qd1 Rd8 44. Qc1 Nxe3 45. Rc8 Rxc8 46. Qxc8+ Kxh7 47. Qxa6 Qe1+ 48. Kh2 Qf2 49. Qb7+ Kh6 50. f4 Qxf4+ 51. Kg1 Qf1+ 52. Kh2 Ng4+ 53. Kg3 Qf4+ 54. Kh3 Nf2# 0-1

[Event "GER-ch Youth U12W 2020"]
[Site "Willingen"]
[Date "2020.10.30"]
[Round "5.7"]
[White "Schwenke, Mia"]
[Black "Bangiev, Katharina"]
[Result "1/2-1/2"]
[ECO "B34"]
[WhiteElo "1265"]
[BlackElo "1539"]
[Annotator "NA RC"]
[PlyCount "72"]
[EventDate "2020.10.27"]
[EventType "swiss"]
[EventRounds "7"]
[EventCountry "GER"]
[SourceTitle "playchess.com"]
[Source "ChessBase"]
[SourceQuality "1"]
[TimeControl "40/5400+30:1800+30"]

1. e4 c5 2. Nf3 Nc6 3. d4 cxd4 4. Nxd4 g6 5. Nc3 Bg7 6. Be3 Nf6 7. f3 O-O 8. Bc4 Qb6 9. Bb3 Nxe4 10. Nxe4 Nxd4 11. Qd3 Qa5+ 12. Bd2 Qd8 13. Bc3 Nxb3 14. axb3 d5 15. Ng3 e5 16. O-O-O d4 17. Bd2 Be6 18. Ne4 Rc8 19. Bb4 f5 20. Nd6 Rb8 21. Rhe1 Qg5+ 22. Rd2 Bh6 23. Kb1 Qd8 24. Rdd1 Bg7 25. Nc4 Bxc4 26. Qxc4+ Rf7 27. Re2 Rc8 28. Qd3 Qb6 29. Be1 Re7 30. Bh4 Re6 31. Bg3 Kh8 32. Rde1 Rce8 33. Bf2 Qc6 34. Qd2 Qd6 35. Rd1 Qc6 36. Rde1 a6 1/2-1/2

[Event "GER-ch Youth U12W 2020"]
[Site "Willingen"]
[Date "2020.10.30"]
[Round "5.8"]
[White "Hergenröder, Cora"]
[Black "Bakó, Evelin"]
[Result "1-0"]
[ECO "D30"]
[WhiteElo "1422"]
[BlackElo "1192"]
[Annotator "NA RC"]
[PlyCount "51"]
[EventDate "2020.10.27"]
[EventType "swiss"]
[EventRounds "7"]
[EventCountry "GER"]
[SourceTitle "playchess.com"]
[Source "ChessBase"]
[SourceQuality "1"]
[TimeControl "40/5400+30:1800+30"]

1. d4 d5 2. c4 e6 3. cxd5 exd5 4. Bf4 Nf6 5. Nc3 Bd6 6. Bg5 Be6 7. e4 dxe4 8. Nxe4 Be7 9. Nxf6+ Bxf6 10. Bxf6 Qxf6 11. Be2 c6 12. Nf3 O-O 13. O-O Rd8 14. Qd3 c5 15. Rac1 Bf5 16. Qb5 cxd4 17. Rfd1 b6 18. Nxd4 Bd7 19. Qc4 Re8 20. Bf3 b5 21. Nxb5 Be6 22. Qc3 Qf5 23. Nd6 Qg6 24. Nxe8 Bd7 25. Bxa8 Bxe8 26. Rd8 1-0

[Event "GER-ch Youth U12W 2020"]
[Site "Willingen"]
[Date "2020.10.30"]
[Round "5.10"]
[White "Petrosyan, Ani"]
[Black "Glotz, Diana"]
[Result "1-0"]
[ECO "A06"]
[WhiteElo "1370"]
[BlackElo "1098"]
[Annotator "NA RC"]
[PlyCount "101"]
[EventDate "2020.10.27"]
[EventType "swiss"]
[EventRounds "7"]
[EventCountry "GER"]
[SourceTitle "playchess.com"]
[Source "ChessBase"]
[SourceQuality "1"]
[TimeControl "40/5400+30:1800+30"]

1. Nf3 d5 2. e3 Nf6 3. c4 e6 4. b3 Be7 5. Bb2 b6 6. Be2 Bb7 7. O-O O-O 8. Na3 Nbd7 9. Nc2 c5 10. d4 Rc8 11. Na3 a6 12. Rc1 Rc7 13. Qd3 Qa8 14. Rfd1 Rd8 15. Qb1 Qa7 16. h3 Qa8 17. Qa1 h6 18. Nb1 Nf8 19. Nc3 N8h7 20. Na4 Rc6 21. Ne5 Rcd6 22. dxc5 bxc5 23. Nxc5 dxc4 24. Nxb7 Rxd1+ 25. Rxd1 Rxd1+ 26. Qxd1 Qxb7 27. Bxc4 a5 28. Qd2 Bb4 29. Qd8+ Nf8 30. a3 Be7 31. Qxa5 Ne4 32. Qb5 Qxb5 33. Bxb5 Nc5 34. Bc4 Bf6 35. Bd4 Ncd7 36. Nxd7 Nxd7 37. Bxf6 Nxf6 38. b4 Kf8 39. b5 Ke8 40. b6 Kd8 41. a4 Nd7 42. a5 Kc8 43. Bb5 Nb8 44. a6 Nxa6 45. Bxa6+ Kb8 46. f4 f6 47. Kf2 g5 48. fxg5 hxg5 49. Kf3 f5 50. e4 Ka8 51. g3 1-0

[Event "GER-ch Youth U12W 2020"]
[Site "Willingen"]
[Date "2020.10.30"]
[Round "5.11"]
[White "Czäczine, Laura"]
[Black "Siegel, Irene"]
[Result "0-1"]
[ECO "C44"]
[WhiteElo "1309"]
[BlackElo "1380"]
[Annotator "NA RC"]
[PlyCount "64"]
[EventDate "2020.10.27"]
[EventType "swiss"]
[EventRounds "7"]
[EventCountry "GER"]
[SourceTitle "playchess.com"]
[Source "ChessBase"]
[SourceQuality "1"]
[TimeControl "40/5400+30:1800+30"]

1. e4 e5 2. Nf3 Nc6 3. d4 exd4 4. c3 dxc3 5. Bc4 Bb4 6. O-O Nge7 7. a3 Bc5 8. Nxc3 O-O 9. b4 Bb6 10. Bb2 d6 11. Ng5 Ne5 12. Ba2 N7g6 13. Qh5 h6 14. Nf3 Bg4 15. Nxe5 Bxh5 16. Nd3 Qg5 17. Bc1 Qg4 18. Re1 Nh4 19. g3 Nf3+ 20. Kg2 Nxe1+ 21. Nxe1 Bd4 22. Bd2 Bxc3 23. Bxc3 Qxe4+ 24. Kg1 Rfe8 25. Ng2 Qf3 26. Bd4 Bg4 27. Rc1 Bh3 28. Nh4 Qe4 29. Be3 g5 30. Rc4 Qd3 31. Ng2 Qd1+ 32. Ne1 Qxe1# 0-1

[Event "GER-ch Youth U12W 2020"]
[Site "Willingen"]
[Date "2020.10.30"]
[Round "5.12"]
[White "Pröttel, Ela"]
[Black "Rodermel, Leonie"]
[Result "1/2-1/2"]
[ECO "C02"]
[WhiteElo "1229"]
[BlackElo "1370"]
[Annotator "NA RC"]
[PlyCount "93"]
[EventDate "2020.10.27"]
[EventType "swiss"]
[EventRounds "7"]
[EventCountry "GER"]
[SourceTitle "playchess.com"]
[Source "ChessBase"]
[SourceQuality "1"]
[TimeControl "40/5400+30:1800+30"]

1. e4 e6 2. d4 d5 3. e5 c5 4. c3 Nc6 5. Nf3 Qb6 6. a3 c4 7. Nbd2 Na5 8. g3 Bd7 9. h4 h6 10. Bh3 Be7 11. h5 O-O-O 12. O-O Bg5 13. Nxg5 hxg5 14. Rb1 Kb8 15. b4 cxb3 16. Nxb3 Nxb3 17. Qxb3 Qxb3 18. Rxb3 Rxh5 19. Bg4 Rh7 20. Bxg5 f6 21. exf6 gxf6 22. Bf4+ Kc8 23. Rfb1 Ne7 24. Rxb7 e5 25. Rb8+ Kc7 26. R1b7+ Kc6 27. Rxd8 Bxg4 28. Rxe7 Rxe7 29. dxe5 fxe5 30. Rg8 Bf3 31. Bg5 Rb7 32. g4 Rh7 33. Rg6+ Kc5 34. Rh6 Rxh6 35. Bxh6 Bxg4 36. Kf1 Kc4 37. Bg7 d4 38. cxd4 exd4 39. Ke1 Kd3 40. a4 Kc4 41. a5 Kb5 42. Bxd4 Kxa5 43. Bxa7 Kb5 44. Kd2 Kc4 45. Ke3 Kd5 46. Kf4 Bh3 47. Kg5 1/2-1/2

[Event "GER-ch Youth U12W 2020"]
[Site "Willingen"]
[Date "2020.10.30"]
[Round "5.13"]
[White "Modali, Nikhilamrutha"]
[Black "Margaryan, Venera"]
[Result "0-1"]
[ECO "C01"]
[WhiteElo "1193"]
[BlackElo "1457"]
[Annotator "NA RC"]
[PlyCount "46"]
[EventDate "2020.10.27"]
[EventType "swiss"]
[EventRounds "7"]
[EventCountry "GER"]
[SourceTitle "playchess.com"]
[Source "ChessBase"]
[SourceQuality "1"]
[TimeControl "40/5400+30:1800+30"]

1. e4 e6 2. d4 d5 3. exd5 exd5 4. Nf3 Nf6 5. Bd3 Bd6 6. Qe2+ Be6 7. Ng5 Qe7 8. Nxe6 fxe6 9. O-O e5 10. dxe5 Bxe5 11. Re1 Nfd7 12. Bf4 Nc6 13. Qh5+ Kf8 14. Bxe5 Ndxe5 15. c4 Qf6 16. Re3 d4 17. Rh3 Nb4 18. Qd1 Nbxd3 19. Rxd3 Nxd3 20. Qxd3 Re8 21. Nd2 Kf7 22. Ne4 Qe5 23. Re1 Rhf8 0-1

[Event "GER-ch Youth U12W 2020"]
[Site "Willingen"]
[Date "2020.10.30"]
[Round "5.14"]
[White "Reich, Elisabeth"]
[Black "Steinlechner, Katja"]
[Result "1/2-1/2"]
[ECO "B10"]
[WhiteElo "1128"]
[BlackElo "1366"]
[Annotator "NA RC"]
[PlyCount "64"]
[EventDate "2020.10.27"]
[EventType "swiss"]
[EventRounds "7"]
[EventCountry "GER"]
[SourceTitle "playchess.com"]
[Source "ChessBase"]
[SourceQuality "1"]
[TimeControl "40/5400+30:1800+30"]

1. e4 c6 2. d3 d5 3. Nd2 e5 4. Ngf3 Bd6 5. g3 Nf6 6. Bg2 O-O 7. O-O Nbd7 8. Re1 Re8 9. Nh4 Qc7 10. Nf5 a5 11. Nxd6 Qxd6 12. a4 dxe4 13. Nxe4 Nxe4 14. Bxe4 Nc5 15. Bg2 Be6 16. Be3 g6 17. b3 Rad8 18. Qd2 Bf5 19. Qxa5 Na6 20. Qc3 Re6 21. Rab1 Qb4 22. Bd2 Qxc3 23. Bxc3 Rde8 24. f3 g5 25. Rbc1 Nc7 26. Bd2 f6 27. Re2 R8e7 28. Rce1 h5 29. h3 g4 30. fxg4 hxg4 31. h4 Bg6 32. Kh2 f5 1/2-1/2

[Event "GER-ch Youth U12W 2020"]
[Site "Willingen"]
[Date "2020.10.30"]
[Round "5.15"]
[White "Cerkez, Lorena"]
[Black "Flierl, Veronika"]
[Result "1-0"]
[ECO "B12"]
[WhiteElo "1258"]
[BlackElo "1404"]
[Annotator "NA RC"]
[PlyCount "39"]
[EventDate "2020.10.27"]
[EventType "swiss"]
[EventRounds "7"]
[EventCountry "GER"]
[SourceTitle "playchess.com"]
[Source "ChessBase"]
[SourceQuality "1"]
[TimeControl "40/5400+30:1800+30"]

1. e4 c6 2. d4 d5 3. e5 Bf5 4. h4 e6 5. g4 Be4 6. f3 Qa5+ 7. Nc3 Bb4 8. Bd2 Qb6 9. Na4 Bxc2 10. Nxb6 Bxd1 11. Nxa8 Bxd2+ 12. Kxd2 Ba4 13. b3 Bb5 14. Nc7+ Kd8 15. Nxb5 cxb5 16. Bxb5 a6 17. Bd3 Nc6 18. Ne2 Nge7 19. Ke3 Kd7 20. f4 1-0

[Event "GER-ch Youth U12W 2020"]
[Site "Willingen"]
[Date "2020.10.30"]
[Round "5.16"]
[White "Moldovan, Tatiana"]
[Black "Müller, Riyanna"]
[Result "0-1"]
[ECO "C77"]
[WhiteElo "1516"]
[BlackElo "1460"]
[Annotator "NA RC"]
[PlyCount "84"]
[EventDate "2020.10.27"]
[EventType "swiss"]
[EventRounds "7"]
[EventCountry "GER"]
[SourceTitle "playchess.com"]
[Source "ChessBase"]
[SourceQuality "1"]
[TimeControl "40/5400+30:1800+30"]

1. e4 e5 2. Nf3 Nc6 3. Bb5 a6 4. Ba4 Nf6 5. d3 b5 6. Bb3 Bc5 7. Bd5 Nxd5 8. exd5 Nd4 9. Nxe5 Qe7 10. O-O O-O 11. Nf3 Re8 12. Nxd4 Bxd4 13. c3 Bb6 14. Nd2 Bb7 15. c4 bxc4 16. dxc4 Qc5 17. Qg4 Re7 18. b3 Rae8 19. Bb2 f6 20. Bxf6 Rf7 21. Ne4 Rxe4 22. Qxe4 gxf6 23. Qe8+ Qf8 24. Qxf8+ Kxf8 25. Rfe1 d6 26. Re2 Bc8 27. h3 Rg7 28. Kh2 Ba5 29. Rd1 Bc3 30. f4 h5 31. Rd3 Bb4 32. Rde3 Bd7 33. Rg3 Rxg3 34. Kxg3 Bc3 35. Kh4 Be8 36. g4 hxg4 37. hxg4 Bd7 38. g5 Bf5 39. Kh5 Kf7 40. Rg2 Bg6+ 41. Kh6 f5 42. Re2 Bg7# 0-1

[Event "GER-ch Youth U12W 2020"]
[Site "Willingen"]
[Date "2020.10.30"]
[Round "5.17"]
[White "Heuberger, Sandra"]
[Black "Stepanjan, Marianne"]
[Result "0-1"]
[ECO "D31"]
[WhiteElo "1004"]
[BlackElo "1351"]
[Annotator "NA RC"]
[PlyCount "112"]
[EventDate "2020.10.27"]
[EventType "swiss"]
[EventRounds "7"]
[EventCountry "GER"]
[SourceTitle "playchess.com"]
[Source "ChessBase"]
[SourceQuality "1"]
[TimeControl "40/5400+30:1800+30"]

1. d4 d5 2. c4 e6 3. Nc3 Be7 4. cxd5 exd5 5. e3 Nf6 6. Bd3 O-O 7. Nge2 b6 8. O-O Be6 9. b3 c5 10. Ba3 Nbd7 11. Rc1 c4 12. Bxe7 Qxe7 13. Bb1 cxb3 14. Qxb3 a5 15. Qc2 Rac8 16. Qd3 g6 17. f3 Qb4 18. e4 dxe4 19. fxe4 Bc4 20. Qe3 Ng4 21. Qh3 h5 22. Rfe1 Bxe2 23. Rxe2 Qxd4+ 24. Kh1 Nf2+ 25. Rxf2 Qxf2 26. Qd3 Ne5 27. Qd1 Rfd8 28. Qg1 Qxg1+ 29. Kxg1 Rxc3 30. Rxc3 Rd1+ 31. Kf2 Rxb1 32. Rc8+ Kg7 33. Rc2 Ng4+ 34. Ke2 Nxh2 35. Kf2 Ng4+ 36. Ke2 Rg1 37. Kf3 Rf1+ 38. Ke2 Rf2+ 39. Kd3 Rxc2 40. Kxc2 Ne3+ 41. Kd3 Nxg2 42. Kd4 h4 43. e5 h3 44. e6 fxe6 45. Ke5 h2 46. Kxe6 h1=Q 47. Kd6 Qe1 48. Kc6 Qd2 49. a3 Qd4 50. Kb7 Qc5 51. a4 Kf7 52. Ka8 Ke7 53. Ka7 Kd7 54. Ka6 Kc7 55. Ka7 Qc4 56. Ka8 Qa6# 0-1

[Event "GER-ch Youth U12W 2020"]
[Site "Willingen"]
[Date "2020.10.30"]
[Round "5.18"]
[White "Hoffmann, Sophia"]
[Black "Rosin, Ida"]
[Result "0-1"]
[ECO "D00"]
[WhiteElo "1345"]
[BlackElo "1387"]
[Annotator "NA RC"]
[PlyCount "44"]
[EventDate "2020.10.27"]
[EventType "swiss"]
[EventRounds "7"]
[EventCountry "GER"]
[SourceTitle "playchess.com"]
[Source "ChessBase"]
[SourceQuality "1"]
[TimeControl "40/5400+30:1800+30"]

1. d4 d5 2. Bf4 Nf6 3. e3 a6 4. Bd3 e6 5. Nf3 c5 6. c3 Nc6 7. Nbd2 Bd6 8. Bg3 O-O 9. O-O b6 10. Ne5 Bb7 11. b3 Qc7 12. Ndf3 Ne7 13. Bh4 Ne4 14. c4 cxd4 15. cxd5 Bxd5 16. Rc1 Nc3 17. Bxh7+ Kh8 18. Qxd4 Ne2+ 19. Kh1 Nxd4 20. Rxc7 Bxc7 21. Bxe7 Rfe8 22. Ng5 Bxe5 0-1

[Event "GER-ch Youth U12W 2020"]
[Site "Willingen"]
[Date "2020.10.30"]
[Round "5.19"]
[White "Eichhorn, Mathilda"]
[Black "Heutling, Sarah"]
[Result "1-0"]
[ECO "C50"]
[WhiteElo "1560"]
[BlackElo "1197"]
[Annotator "NA RC"]
[PlyCount "69"]
[EventDate "2020.10.27"]
[EventType "swiss"]
[EventRounds "7"]
[EventCountry "GER"]
[SourceTitle "playchess.com"]
[Source "ChessBase"]
[SourceQuality "1"]
[TimeControl "40/5400+30:1800+30"]

1. e4 e5 2. Nf3 Nc6 3. Bc4 Bc5 4. d3 d6 5. c3 a6 6. b4 Ba7 7. Qb3 Be6 8. Bxe6 fxe6 9. Qxe6+ Qe7 10. Qb3 O-O-O 11. Bg5 Nf6 12. Na3 h6 13. Bh4 g5 14. Bg3 Rhf8 15. O-O-O d5 16. exd5 Nxd5 17. Rhf1 Nf4 18. Bxf4 Rxf4 19. h3 h5 20. Rd2 g4 21. hxg4 hxg4 22. Nh2 e4 23. g3 Rf5 24. Qd1 a5 25. Qxg4 Qf8 26. dxe4 Rxd2 27. Kxd2 Qh6+ 28. Kc2 Kd8 29. Qxf5 Ne7 30. Qxa5 Bb8 31. Ng4 Qg7 32. f3 Nc6 33. Rd1+ Kc8 34. Qf5+ Qd7 35. Qxd7# 1-0

[Event "GER-ch Youth U12W 2020"]
[Site "Willingen"]
[Date "2020.10.30"]
[Round "5.20"]
[White "Marrufo, Emilia"]
[Black "Woiteck, Helena"]
[Result "0-1"]
[ECO "D00"]
[WhiteElo "788"]
[BlackElo "1092"]
[Annotator "NA RC"]
[PlyCount "122"]
[EventDate "2020.10.27"]
[EventType "swiss"]
[EventRounds "7"]
[EventCountry "GER"]
[SourceTitle "playchess.com"]
[Source "ChessBase"]
[SourceQuality "1"]
[TimeControl "40/5400+30:1800+30"]

1. d4 d5 2. Bf4 Bf5 3. e3 Nf6 4. Nd2 e6 5. Ngf3 c5 6. c3 Nc6 7. Be2 c4 8. O-O Bd6 9. Ne5 O-O 10. h3 Ne4 11. Bf3 Nxd2 12. Qxd2 Qc7 13. Rfe1 Nxe5 14. dxe5 Bxe5 15. Bxe5 Qxe5 16. e4 Bxe4 17. Bxe4 dxe4 18. f3 Qc5+ 19. Kh1 exf3 20. gxf3 Qc6 21. Re3 Rfd8 22. Qg2 Rd7 23. Rg1 g6 24. Qg5 Rd5 25. Qh6 Rh5 26. Qf4 Rxh3+ 27. Kg2 Rh5 28. Rh1 Rxh1 29. Kxh1 Rd8 30. Qh4 Rd1+ 31. Kg2 Rd2+ 32. Kg3 Qd6+ 33. Qf4 Rg2+ 34. Kxg2 Qxf4 35. Re4 Qd2+ 36. Kg3 b5 37. Re5 Qxb2 38. Rc5 a6 39. Rc8+ Kg7 40. Ra8 Qxa2 41. Ra7 a5 42. Rb7 Qb2 43. Kg4 a4 44. Rd7 Qc1 45. Ra7 a3 46. Kg3 Qb2 47. Ra5 a2 48. Ra6 a1=Q 49. Rxa1 Qxa1 50. Kg2 Qxc3 51. Kg3 b4 52. Kg2 b3 53. Kg3 b2 54. Kg4 b1=R 55. Kg3 Qd4 56. Kh3 Rh1+ 57. Kg2 Qh4 58. f4 Qh3+ 59. Kf2 Rh2+ 60. Ke1 Qa3 61. Kd1 Qa1# 0-1

[Event "GER-ch Youth U12W 2020"]
[Site "Willingen"]
[Date "2020.10.30"]
[Round "6.1"]
[White "Wartenberg, Alissa"]
[Black "Trunz, Michelle"]
[Result "1-0"]
[ECO "B90"]
[WhiteElo "1463"]
[BlackElo "1662"]
[Annotator "NA RC"]
[PlyCount "65"]
[EventDate "2020.10.27"]
[EventType "swiss"]
[EventRounds "7"]
[EventCountry "GER"]
[SourceTitle "playchess.com"]
[Source "ChessBase"]
[SourceQuality "1"]
[TimeControl "40/5400+30:1800+30"]

1. e4 c5 2. Nf3 d6 3. d4 cxd4 4. Nxd4 Nf6 5. Nc3 a6 6. Be3 e5 7. Nb3 Be6 8. f3 Be7 9. Qd2 O-O 10. O-O-O Qc7 11. g4 b5 12. Nd5 Bxd5 13. exd5 Rc8 14. Kb1 Bd8 15. h4 Nbd7 16. h5 Rab8 17. g5 Ne8 18. g6 a5 19. h6 fxg6 20. hxg7 Nxg7 21. Bd3 Nf8 22. f4 exf4 23. Bxf4 Ne8 24. Bh6 Nf6 25. Bxf8 Kxf8 26. Qh6+ Qg7 27. Qf4 Be7 28. Nd4 Kg8 29. Rdg1 Nxd5 30. Qe4 Nf6 31. Qf3 Nd7 32. Nf5 Ne5 33. Qd5+ 1-0

[Event "GER-ch Youth U12W 2020"]
[Site "Willingen"]
[Date "2020.10.30"]
[Round "6.2"]
[White "Bräutigam, Katerina"]
[Black "Arnold, Rubina"]
[Result "0-1"]
[ECO "B01"]
[WhiteElo "1744"]
[BlackElo "1414"]
[Annotator "NA RC"]
[PlyCount "120"]
[EventDate "2020.10.27"]
[EventType "swiss"]
[EventRounds "7"]
[EventCountry "GER"]
[SourceTitle "playchess.com"]
[Source "ChessBase"]
[SourceQuality "1"]
[TimeControl "40/5400+30:1800+30"]

1. e4 d5 2. exd5 Nf6 3. d4 Nxd5 4. Nf3 g6 5. c4 Nb6 6. Nc3 Bg7 7. c5 Nd5 8. Bc4 Nxc3 9. bxc3 O-O 10. O-O Nd7 11. Re1 Nf6 12. Qb3 c6 13. Bg5 Qc7 14. Ne5 e6 15. Bxf6 Bxf6 16. Rad1 b6 17. Qa3 Bb7 18. Rb1 bxc5 19. Qxc5 Be7 20. Rxb7 Qxb7 21. Qxc6 Qxc6 22. Nxc6 Bg5 23. Ba6 Bd2 24. Rd1 Bxc3 25. a4 f6 26. Bb7 Rae8 27. a5 a6 28. Kf1 Rf7 29. Bxa6 Ra8 30. Bc4 Rc7 31. Bxe6+ Kf8 32. d5 Re8 33. a6 Ra8 34. Rd3 Be5 35. Ra3 Bd6 36. Ra5 f5 37. Ke2 Kg7 38. Ke3 Kf6 39. Kd4 Rxc6 40. dxc6 Kxe6 41. Kc4 Bc7 42. Ra2 Kd6 43. Ra3 Kxc6 44. Rh3 h5 45. Re3 Rxa6 46. Re6+ Kb7 47. Rxa6 Kxa6 48. Kd5 Bxh2 49. Ke6 Bf4 50. Kf6 g5 51. Kxf5 h4 52. Kg4 Kb5 53. Kf3 Kc4 54. Ke2 Kc3 55. f3 Kc2 56. Ke1 Kc1 57. Ke2 Bd2 58. Kf2 Kd1 59. Kf1 Be3 60. g4 hxg3 0-1

[Event "GER-ch Youth U12W 2020"]
[Site "Willingen"]
[Date "2020.10.30"]
[Round "6.3"]
[White "Wilmink, Anna"]
[Black "Fischer, Juliane"]
[Result "1/2-1/2"]
[ECO "B37"]
[WhiteElo "1608"]
[BlackElo "1509"]
[Annotator "NA RC"]
[PlyCount "45"]
[EventDate "2020.10.27"]
[EventType "swiss"]
[EventRounds "7"]
[EventCountry "GER"]
[SourceTitle "playchess.com"]
[Source "ChessBase"]
[SourceQuality "1"]
[TimeControl "40/5400+30:1800+30"]

1. e4 c5 2. Nf3 g6 3. d4 cxd4 4. Nxd4 Bg7 5. c4 Nc6 6. Nc2 Nf6 7. Nc3 d6 8. Be2 O-O 9. O-O Nd7 10. Be3 Nc5 11. f3 Bxc3 12. bxc3 Na4 13. Qd2 Qa5 14. Bh6 Qxc3 15. Qxc3 Nxc3 16. Bxf8 Nxe2+ 17. Kf2 Be6 18. Na3 Kxf8 19. Kxe2 Ne5 20. Rfc1 Rc8 21. Rc2 Nxc4 22. Nxc4 Rxc4 23. Rac1 1/2-1/2

[Event "GER-ch Youth U12W 2020"]
[Site "Willingen"]
[Date "2020.10.30"]
[Round "6.4"]
[White "Lorenz, Veronika"]
[Black "Peglau, Charis"]
[Result "0-1"]
[ECO "B14"]
[WhiteElo "1273"]
[BlackElo "1768"]
[Annotator "NA RC"]
[PlyCount "38"]
[EventDate "2020.10.27"]
[EventType "swiss"]
[EventRounds "7"]
[EventCountry "GER"]
[SourceTitle "playchess.com"]
[Source "ChessBase"]
[SourceQuality "1"]
[TimeControl "40/5400+30:1800+30"]

1. e4 c6 2. d4 d5 3. exd5 cxd5 4. c4 Nf6 5. Nc3 g6 6. Nf3 Bg7 7. cxd5 O-O 8. Bc4 Nbd7 9. d6 e6 10. Ne5 Nb6 11. O-O Qxd6 12. Qd3 Rd8 13. Rd1 Nfd5 14. Bb3 Nxc3 15. Nxf7 Ne2+ 16. Qxe2 Kxf7 17. Qf3+ Kg8 18. Bg5 Rf8 19. Qe3 Nd5 0-1

[Event "GER-ch Youth U12W 2020"]
[Site "Willingen"]
[Date "2020.10.30"]
[Round "6.5"]
[White "Petrosyan, Ani"]
[Black "Haug, Mara"]
[Result "0-1"]
[ECO "A04"]
[WhiteElo "1370"]
[BlackElo "1366"]
[Annotator "NA RC"]
[PlyCount "172"]
[EventDate "2020.10.27"]
[EventType "swiss"]
[EventRounds "7"]
[EventCountry "GER"]
[SourceTitle "playchess.com"]
[Source "ChessBase"]
[SourceQuality "1"]
[TimeControl "40/5400+30:1800+30"]

1. Nf3 c5 2. e3 d5 3. d4 e6 4. c4 Nc6 5. Nc3 Nf6 6. b3 a6 7. Bb2 Bd6 8. Be2 O-O 9. O-O Qc7 10. cxd5 exd5 11. dxc5 Bxc5 12. Nxd5 Nxd5 13. Qxd5 Ba7 14. Qd3 Bb8 15. Rac1 Bg4 16. g3 Qa5 17. Qc3 Qxc3 18. Bxc3 Bc7 19. Rfd1 Rad8 20. Nd4 Rxd4 21. exd4 Bxe2 22. Re1 Bf3 23. Re3 Bd5 24. Rce1 Bb6 25. Rd3 Rd8 26. Red1 h6 27. Re1 Be6 28. d5 Rxd5 29. Rxd5 Bxd5 30. Re8+ Kh7 31. Kf1 Kg6 32. Rg8 f6 33. Re8 Bc5 34. Re2 a5 35. Rd2 Be6 36. Re2 Kf7 37. Re4 Nb4 38. a3 Nd5 39. Bxa5 Bxa3 40. Rc4 Bd7 41. Ke1 b6 42. Bd2 Bc5 43. b4 Bd6 44. Rd4 Ke6 45. Rg4 g5 46. Re4+ Kf5 47. Rd4 Ke5 48. Rc4 b5 49. f4+ Kf5 50. Rd4 Ke6 51. Kf2 Bc7 52. Kf3 f5 53. h4 g4+ 54. Kg2 Bc6 55. Kh2 Bd6 56. Kg1 Bc7 57. Kh2 Nf6 58. Rd3 Ne4 59. Be3 Bd6 60. Rd4 Bd5 61. Kg1 Bc4 62. Kh2 Bxb4 63. Rd1 Be2 64. Rc1 Kd7 65. Bd4 h5 66. Be5 Bd6 67. Bb2 b4 68. Rc2 Bd3 69. Rc1 b3 70. Rd1 Bc2 71. Rd5 Ke6 72. Rd4 Bc5 73. Rc4 Bf2 74. Be5 Bxg3+ 75. Kg2 Bxh4 76. Rc6+ Kf7 77. Rh6 Bf6 78. Rxh5 Bxe5 79. fxe5 b2 80. Rxf5+ Ke6 81. Rf1 b1=Q 82. Rxb1 Bxb1 83. Kh2 Kxe5 84. Kg2 Kf4 85. Kg1 Kg3 86. Kh1 Kf2 0-1

[Event "GER-ch Youth U12W 2020"]
[Site "Willingen"]
[Date "2020.10.30"]
[Round "6.6"]
[White "Siegel, Irene"]
[Black "Schwenke, Mia"]
[Result "0-1"]
[ECO "C44"]
[WhiteElo "1380"]
[BlackElo "1265"]
[Annotator "NA RC"]
[PlyCount "88"]
[EventDate "2020.10.27"]
[EventType "swiss"]
[EventRounds "7"]
[EventCountry "GER"]
[SourceTitle "playchess.com"]
[Source "ChessBase"]
[SourceQuality "1"]
[TimeControl "40/5400+30:1800+30"]

1. e4 e5 2. Nf3 Nc6 3. d4 exd4 4. Nxd4 Bb4+ 5. c3 Bc5 6. Be3 Bb6 7. Bc4 Nf6 8. f3 O-O 9. O-O Re8 10. Na3 d5 11. Bd3 Nxd4 12. cxd4 dxe4 13. fxe4 Bxd4 14. Qf3 Bxb2 15. Rad1 Bg4 16. Qf4 Bxd1 17. Rxd1 Bxa3 18. e5 Nd5 19. Qf3 Nxe3 20. Bxh7+ Kxh7 21. Rxd8 Raxd8 22. Qxe3 Bb2 23. Qg5 Rd1+ 24. Kf2 Bd4+ 25. Kf3 Rd3+ 26. Kg4 Kg8 27. e6 Rxe6 28. Qd8+ Kh7 29. Qh4+ Rh6 30. Qe7 Rg6+ 31. Kf5 Rf6+ 32. Kg4 Re3 33. Qd7 Re4+ 34. Kh3 Rh6+ 35. Kg3 Re3+ 36. Kf4 Rf6+ 37. Kg4 Be5 38. g3 Rf2 39. Kh3 Ree2 40. Kg4 f5+ 41. Kh5 Rxh2+ 42. Kg5 Rhf2 43. g4 Bf6+ 44. Kh5 Rh2# 0-1

[Event "GER-ch Youth U12W 2020"]
[Site "Willingen"]
[Date "2020.10.30"]
[Round "6.7"]
[White "Margaryan, Venera"]
[Black "Hergenröder, Cora"]
[Result "0-1"]
[ECO "D55"]
[WhiteElo "1457"]
[BlackElo "1422"]
[Annotator "NA RC"]
[PlyCount "78"]
[EventDate "2020.10.27"]
[EventType "swiss"]
[EventRounds "7"]
[EventCountry "GER"]
[SourceTitle "playchess.com"]
[Source "ChessBase"]
[SourceQuality "1"]
[TimeControl "40/5400+30:1800+30"]

1. d4 d5 2. c4 e6 3. Nc3 Nf6 4. Bg5 Be7 5. e3 O-O 6. Nf3 b6 7. Bd3 Bb7 8. cxd5 exd5 9. Qc2 Nbd7 10. h4 h6 11. Bxf6 Nxf6 12. Ne5 Rc8 13. O-O-O c5 14. g4 cxd4 15. exd4 Ne4 16. Bxe4 dxe4 17. h5 e3 18. Rh3 exf2 19. Qxf2 Be4 20. Nf3 b5 21. Nd2 Bg5 22. Re1 Re8 23. Kd1 Bh7 24. Nf3 b4 25. Rxe8+ Qxe8 26. Nxg5 hxg5 27. Ne2 Qc6 28. Ke1 Qc2 29. Rb3 Re8 30. Qf3 Qb1+ 31. Kf2 Bc2 32. Rxb4 Bd1 33. Kg3 Bxe2 34. Qf2 Qe4 35. Kh2 Qxg4 36. Rb7 Qxh5+ 37. Kg1 Bf3 38. Qg3 Qh1+ 39. Kf2 Re2# 0-1

[Event "GER-ch Youth U12W 2020"]
[Site "Willingen"]
[Date "2020.10.30"]
[Round "6.8"]
[White "Fock, Madiha"]
[Black "Bangiev, Katharina"]
[Result "1/2-1/2"]
[ECO "B06"]
[WhiteElo "1258"]
[BlackElo "1539"]
[Annotator "NA RC"]
[PlyCount "47"]
[EventDate "2020.10.27"]
[EventType "swiss"]
[EventRounds "7"]
[EventCountry "GER"]
[SourceTitle "playchess.com"]
[Source "ChessBase"]
[SourceQuality "1"]
[TimeControl "40/5400+30:1800+30"]

1. e4 d6 2. d4 g6 3. Nc3 Bg7 4. Be3 Nf6 5. f3 O-O 6. Qd2 Nc6 7. O-O-O e5 8. d5 Ne7 9. g4 h5 10. h4 Kh7 11. Nge2 Rh8 12. Bg5 Kg8 13. Bxf6 Bxf6 14. g5 Bg7 15. f4 exf4 16. Qxf4 Be5 17. Qf2 c6 18. Bg2 cxd5 19. Rhf1 Rh7 20. exd5 Nf5 21. Ne4 Qa5 22. a3 b5 23. Rd3 Ba6 24. Rb3 1/2-1/2